[Event "*** SCC Grand Prix: Titled Tuesday Blitz"]
[Site "Chess.com"]
[Date "2020.06.23"]
[Round "7"]
[White "stolencandy13"]
[Black "Ranindu2003"]
[Result "1-0"]
[WhiteElo "2433"]
[BlackElo "2496"]
[TimeControl "180+1"]
[EndTime "11:18:16 PDT"]
[Termination "stolencandy13 won by resignation"]

1. e4 g6 2. d4 Bg7 3. Nf3 d6 4. Nc3 a6 5. Bf4 b5 6. a3 Bb7 7. Qd2 Nd7 8. h4 h6 9. Be2 e6 10. O-O Ne7 11. Rad1 Nf6 12. Bd3 Nh5 13. Bh2 O-O 14. Qe2 Qc8 15. e5 dxe5 16. dxe5 Nd5 17. Nxd5 exd5 18. Nd4 c5 19. Nf5 Qe6 20.
c3 c4 21. Bb1 Rfe8 22. Nd4 Qe7 23. Nf3 Qe6 24. Rd4 Bh8 25. Re1 Rad8 26. g4 Ng7 27. h5 gxh5 28. gxh5 Kf8 29. Nh4 Bc8 30. Rf4 Ke7 31. Nf5+ Nxf5 32. Bxf5 Qc6 33. Qf3 Rg8+ 34. Bg3 Be6 35. Kh2 Rg5 36. Bh4 Rg8 37. Rg4 Kd7 38. Bxg5 hxg5 39. Rd1 Qc7 40. Qxd5+ Ke7 41. Qd6+ Qxd6 42.
exd6+ Kd7 43. Bxe6+ fxe6 44. Rdg1 Be5+ 45. Kh3 Kxd6 46.
Rxg5 Rf8 47. Rd1+ Ke7 48. Rxe5 Rxf2 49. Rde1 Rxb2 50. Rxe6+ Kf7 51. Rxa6 Rc2 52. Re3 1-0

[Event "*** SCC Grand Prix: Titled Tuesday Blitz"]
[Site "Chess.com"]
[Date "2020.06.23"]
[Round "7"]
[White "Moon_stone123"]
[Black "PavelChernomordik"]
[Result "1-0"]
[WhiteElo "2470"]
[BlackElo "2313"]
[TimeControl "180+1"]
[EndTime "11:18:16 PDT"]
[Termination "Moon_stone123 won on time"]

1. Nf3 g6 2. d4 Bg7 3. g3 Nf6 4. Bg2 d6 5. O-O O-O 6. c4 c6 7.
Nc3 a6 8. b3 b5 9. Bb2 bxc4 10.
bxc4 a5 11. e4 Nfd7 12. Na4 Ba6 13. Rc1 Nb6 14. Nxb6 Qxb6 15. Qb3 Nd7 16. Rfe1 Qxb3 17. axb3 Rfb8 18. Bc3 Rxb3 19. Bxa5 Ra3 20. Bd2 Ra4 21. c5 dxc5 22. dxc5 Bd3 23. Bg5 f6 24. Red1 fxg5 25.
Rxd3 Ne5 26. Nxe5 Bxe5 27. h3 Bd4 28. e5 Rf8 29. Bxc6 Bxf2+ 30. Kg2 Bd4 31. Bxa4 Bxe5 32. Bb3+ Kg7 33. Rf1 Rc8 34. Rf7+ Kh6 35. Rxe7 Rxc5 36. Red7 Bc7 37. Bg8 g4 38. h4 g5 39. Rxh7+ Kg6 40.
h5+ Kf6 41. Rf7+ Ke5 42. h6 Rc2+ 43. Kf1 Ke4 44. Rfd7 Bb6 45. h7 Rh2 46. Rd2 Rh1+ 47. Ke2 Rh6 48. Kd1 Rh1+ 49. Kc2 Be3 50. Re2 Kf3 51. Rxe3+ 1-0

[Event "*** SCC Grand Prix: Titled Tuesday Blitz"]
[Site "Chess.com"]
[Date "2020.06.23"]
[Round "7"]
[White "chesslh19"]
[Black "XxPetroffsxX"]
[Result "1-0"]
[WhiteElo "2130"]
[BlackElo "1916"]
[TimeControl "180+1"]
[EndTime "11:18:16 PDT"]
[Termination "chesslh19 won by resignation"]

1. e4 c6 2. d4 d5 3. Nd2 dxe4 4. Nxe4 Bf5 5. Ng3 Bg6 6. h4 h6 7. Nf3 Nd7 8. h5 Bh7 9. Bd3 Bxd3 10. Qxd3 e6 11. Bf4 Qa5+ 12. Bd2 Qd8 13. O-O-O Bd6 14. Ne4 Be7 15. Kb1 Ngf6 16. Nxf6+ Nxf6 17. Ne5 Qb6 18. Bc1 Rd8 19. f4 c5 20. dxc5 Qxc5 21. Qe2 O-O 22. g4 Nd5 23. g5 hxg5 24. fxg5 Qb6 25. Qf3 Bd6 26. Nc4 Qc6 27. Nxd6 Rxd6 28. h6 g6 29. h7+ Kh8 30. c4 Qxc4 31. b3 Nc3+ 32. Kc2 Qe4+ 33. Qxe4 Nxe4 34. Bb2+ f6 35. Rxd6 Nxd6 36. Bxf6+ Rxf6 37. gxf6 Nf7 38. Kd3 Ng5 39. Kd4 Nf7 40. Ke4 b6 41. a4 a5 42. Kf4 e5+ 43. Ke4 g5 44. Kf5 g4 45. Kxg4 b5 46. axb5 a4 47. bxa4 e4 48. b6 e3 49. b7 e2 50. b8=Q+ 1-0

[Event "*** SCC Grand Prix: Titled Tuesday Blitz"]
[Site "Chess.com"]
[Date "2020.06.23"]
[Round "7"]
[White "vladislavkovalev"]
[Black "Supernotar"]
[Result "1-0"]
[WhiteElo "2915"]
[BlackElo "2795"]
[TimeControl "180+1"]
[EndTime "11:18:18 PDT"]
[Termination "vladislavkovalev won by checkmate"]

1. e4 c6 2. Nf3 d5 3. Nc3 Bg4 4. h3 Bxf3 5. Qxf3 e6 6. Be2 dxe4 7.
Nxe4 Nd7 8. O-O Ngf6 9. c3 Nxe4 10. Qxe4 Nf6 11. Qf3 Be7 12. d4 O-O 13. a4 a5 14.
Re1 Qb6 15. Bc4 Rad8 16. Re2 Rd7 17. g3 Rfd8 18. Kg2 Nd5 19. h4 c5 20. dxc5 Qxc5 21. Bb5 Rd6 22. Bg5 b6 23. Rae1 h6 24. Bc1 Bf6 25.
Re4 Qc7 26. c4 Nb4 27. Bf4 Bxb2 28. Bxd6 Qxd6 29. R4e2 Bf6 30. Rf1 Nd3 31. Rb1 Nc5 32. Ree1 Bd4 33. Rbd1 e5 34. Bc6 Rc8 35. Bd5 Qd7 36.
h5 Nxa4 37. Be4 Rc5 38. Bf5 Qd8 39. Rd2 Nb2 40. Qe2 Nxc4 41. Rxd4 Nd6 42. Rdd1 Qa8+ 43. Be4 Qf8 44. Qd3 Kh8 45. Qxd6 Rc8 46. Qxf8+ Rxf8 47.
Rd7 Kg8 48. Bd5 a4 49. Rxe5 a3 50. Re3 a2 51. Bxa2 b5 52. Bxf7+ Rxf7 53. Re8+ Kh7 54. Rxf7 b4 55. Rff8 g5 56. Rf7# 1-0

[Event "*** SCC Grand Prix: Titled Tuesday Blitz"]
[Site "Chess.com"]
[Date "2020.06.23"]
[Round "7"]
[White "TheNextLevelFan"]
[Black "Violord"]
[Result "1/2-1/2"]
[WhiteElo "2505"]
[BlackElo "2618"]
[TimeControl "180+1"]
[EndTime "11:18:21 PDT"]
[Termination "Game drawn by stalemate"]

1. d4 Nf6 2. Nf3 e6 3. g3 d5 4. Bg2 b5 5. O-O Nbd7 6. b3 Ba6 7. Bb2 Be7 8. Nbd2 O-O 9. Re1 Rc8 10. e4 dxe4 11.
Nxe4 Nxe4 12. Rxe4 c5 13. dxc5 Nxc5 14. Rg4 Qxd1+ 15. Rxd1 f6 16. Nd4 Rfd8 17. Re1 Rd6 18. Ba3 Kf7 19. b4 Nd7 20. Nxe6 Rxe6 21. Rxg7+ Kxg7 22.
Rxe6 Kf8 23. Rxa6 Rxc2 24. Rxa7 Ne5 25. Bd5 Nc4 26. Bxc4 bxc4 27. b5 Bxa3 28. Rxa3 Ke7 29. Ra7+ Kd6 30. a4 Rb2 31. Ra6+ Kd5 32. Rc6 Rb4 33.
Rc7 Rxa4 34. Rxh7 Rb4 35. Kf1 Kd4 36. Rc7 Rxb5 37. h4 Kd3 38. g4 c3 39. h5 c2 40. h6 Rb1+ 41. Kg2 c1=Q 42. Rxc1 Rxc1 43. Kf3 Rh1 44. Kf4 Rxh6 45. Kf5 Kd4 46. f4 Kd5 47. g5 fxg5 48. fxg5 Rh1 49. Kf6 Kd6 50. g6 Rf1+ 51. Kg7 Ke7 52. Kg8 Kf6 53. g7 Ra1 54.
Kh7 Ra7 55. Kh8 Rxg7 1/2-1/2

[Event "*** SCC Grand Prix: Titled Tuesday Blitz"]
[Site "Chess.com"]
[Date "2020.06.23"]
[Round "7"]
[White "yamalchess"]
[Black "Novoselski"]
[Result "0-1"]
[WhiteElo "2452"]
[BlackElo "2322"]
[TimeControl "180+1"]
[EndTime "11:18:21 PDT"]
[Termination "Novoselski won by resignation"]

1. d4 e6 2. c4 f5 3. g4 fxg4 4. h3 Qh4 5. Bf4 Bd6 6. Bxd6 cxd6 7. e3 Nf6 8. Bg2 g3 9. f4 Nc6 10. Nd2 O-O 11. Ne2 e5 12. fxe5 dxe5 13. d5 Nb4 14.
Qb3 Na6 15. Nf3 Qh6 16. Nxe5 d6 17. Ng4 Nxg4 18. hxg4 Qg5 19. O-O-O Bxg4 20. Be4 h5 21. Rde1 Nc5 22. Bh7+ Kxh7 23. Qc2+ Qg6 24. Nf4 Qxc2+ 25. Kxc2 g6 26. b4 Ne4 27. Reg1 Rae8 28. Rh4 g5 29. Rxg4 hxg4 30. Rh1+ Kg7 31. Ne6+ Rxe6 32. dxe6 Re8 33. Rg1 Rxe6 34. Kd3 Kg6 35. Kd4 Kf5 36. a4 a5 37.
bxa5 Re5 38. Rf1+ Nf2 39. Rg1 Re4+ 40. Kd5 Rxe3 41. Kxd6 Ne4+ 42. Kc7 Rb3 43. Rf1+ Ke5 44. Re1 g2 45. Rg1 Rb2 46. c5 Kf4 47. c6 bxc6 48. a6 Ra2 49. Rxg2 Rxa4 50. Kb6 Kf3 51. Rc2 g3 52. Rxc6 g2 53. Rc1 Nd2 54. a7 Rxa7 55. Kxa7 Nf1 56. Rc3+ Ke2 57. Rc2+ Nd2 58. Rc1 Kf2 59. Rd1 Nf3 60. Kb6 g1=Q 61. Rxg1 Nxg1 0-1

[Event "*** SCC Grand Prix: Titled Tuesday Blitz"]
[Site "Chess.com"]
[Date "2020.06.23"]
[Round "7"]
[White "GadimbayliA"]
[Black "StephenDedalus83"]
[Result "0-1"]
[WhiteElo "2869"]
[BlackElo "2788"]
[TimeControl "180+1"]
[EndTime "11:18:22 PDT"]
[Termination "StephenDedalus83 won on time"]

1. e4 c5 2. Nf3 Nc6 3. Bb5 g6 4. Bxc6 dxc6 5. d3 Bg7 6. h3 Nf6 7. Nc3 Nd7 8. Be3 e5 9. Qd2 Qe7 10. O-O Nf8 11. Bh6 Ne6 12. Bxg7 Nxg7 13. Rae1 f6 14. Nh2 Ne6 15. Ne2 g5 16. Ng3 Nf4 17. Ng4 Bxg4 18. hxg4 h5 19. gxh5 Nxh5 20. Nf5 Qh7 21.
f3 Nf4 22. Kf2 Nxg2 23. Rh1 Nh4 24. Rh3 O-O-O 25. Reh1 c4 26. Nxh4 gxh4 27. Rxh4 Qxh4+ 28. Rxh4 Rxh4 29. Qa5 cxd3 30. cxd3 a6 31. Qc3 Rh7 32. f4 Rh3 33. fxe5 Rdxd3 34. Qc5 Rh2+ 35. Kg1 Rxb2 36.
Qc1 Rdd2 37. exf6 Rg2+ 38. Kh1 Rh2+ 39. Kg1 Rbg2+ 40. Kf1 Rxa2 41. Kg1 Rhg2+ 42. Kh1 Rgf2 43. e5 Kd7 44. Qd1+ Rad2 45. Qg4+ Kc7 46. Qg7+ Kb6 47. Qg1 c5 48. f7 Ka7 49. e6 Rf5 50. Qg4 Rf1+ 51.
Qg1 Rf5 52. Qg4 Rf1+ 0-1

[Event "*** SCC Grand Prix: Titled Tuesday Blitz"]
[Site "Chess.com"]
[Date "2020.06.23"]
[Round "7"]
[White "124chess"]
[Black "Fandorine"]
[Result "0-1"]
[WhiteElo "2720"]
[BlackElo "2894"]
[TimeControl "180+1"]
[EndTime "11:18:22 PDT"]
[Termination "Fandorine won by resignation"]

1. b3 g6 2. Bb2 Nf6 3. Nf3 Bg7 4. g3 b6 5. Bg2 Bb7 6. O-O c5 7. c4 O-O 8. Nc3 d6 9. e3 Nbd7 10.
d4 Ne4 11. Qc2 Nxc3 12. Bxc3 Nf6 13. d5 b5 14. e4 bxc4 15. bxc4 Ba6 16. e5 Ne8 17. Qa4 Bc8 18. Rac1 Bg4 19. exd6 exd6 20. Bxg7 Kxg7 21. Nd2 Bf5 22. Nb3 Nf6 23. Na5 Re8 24. Nc6 Qd7 25. Rfe1 Bh3 26. Qa3 Bxg2 27. Kxg2 Rxe1 28.
Rxe1 Re8 29. Qc3 Rxe1 30. Qxe1 Qg4 31. Qc3 Qe4+ 32. Kg1 Qb1+ 33. Kg2 Qxa2 34. g4 h6 35. h4 Qe2 36. Kg3 Qxg4+ 37. Kh2 Qxh4+ 38. Kg2 Kg8 39. Ne7+ Kh7 40. Nc8 Qg4+ 41. Kf1 Qxc8 42. Qxf6 Qd7 43. Qc3 h5 44. Qg3 a5 45. Qc3 a4 46. Qa5 h4 47.
Kg1 Kh6 48. Kh2 Qf5 49. Qd8 Qxf2+ 50. Kh1 Qf4 51. Qh8+ Kg5 52. Qd8+ Kg4 53. Qd7+ f5 54. Qe8 Qe4+ 0-1

[Event "*** SCC Grand Prix: Titled Tuesday Blitz"]
[Site "Chess.com"]
[Date "2020.06.23"]
[Round "7"]
[White "c63_amg"]
[Black "simplerXiao"]
[Result "0-1"]
[WhiteElo "2734"]
[BlackElo "2463"]
[TimeControl "180+1"]
[EndTime "11:18:23 PDT"]
[Termination "simplerXiao won on time"]

1. e4 e6 2. d4 d5 3. Nc3 dxe4 4. Nxe4 Bd7 5. Nf3 Bc6 6. Bd3 Nd7 7. O-O Ngf6 8. Ng3 Be7 9. Qe2 Nb6 10. c3 Bxf3 11.
Qxf3 Qd5 12. Qe2 O-O 13. Rd1 Rad8 14. c4 Qa5 15. a3 Qa4 16. Bg5 Kh8 17. d5 Nfxd5 18.
cxd5 Bxg5 19. dxe6 fxe6 20. Qxe6 Qf4 21. Ne4 Rde8 22. Qh3 Rxe4 23. Bxe4 Qxe4 24. Re1 Qf4 25. Re2 Nd5 26. Rae1 h6 27. Qd7 Qf7 28. Qxf7 Rxf7 29. g3 Bf6 30. b3 Kh7 31. a4 c6 32. Re6 Rd7 33. Re8 Kg6 34. h4 Kf7 35. Ra8 a6 36. Ree8 Nb4 37. Rf8+ Ke6 38. Kg2 Kf5 39. Rab8 h5 40. f3 a5 41. Kh3 Nd5 42. Rbe8 Nc7 43. g4+ hxg4+ 44. fxg4+ Kf4 45. Re2 Rd3+ 46. Kg2 Kxg4 47.
Rf7 Nd5 48. Re4+ Nf4+ 49. Kf2 Rxb3 50. Ke1 b5 51. axb5 cxb5 52. Kd2 Rb4 53. Rxb4 axb4 54. Rb7 Bc3+ 55. Kc2 Kxh4 56. Rxb5 g5 57. Rb7 Kg3 58. Kb3 g4 59. Rb5 Kf3 60. Rb7 g3 0-1

[Event "*** SCC Grand Prix: Titled Tuesday Blitz"]
[Site "Chess.com"]
[Date "2020.06.23"]
[Round "7"]
[White "Roman_Ovetchkin"]
[Black "Phriex"]
[Result "0-1"]
[WhiteElo "2557"]
[BlackElo "2416"]
[TimeControl "180+1"]
[EndTime "11:18:26 PDT"]
[Termination "Phriex won on time"]

1. d4 d5 2. c4 e6 3. Nf3 Nf6 4.
g3 Bb4+ 5. Bd2 Be7 6. Bg2 O-O 7. O-O c6 8. Qc2 Nbd7 9. a3 a5 10. b3 b6 11. Bg5 Ne4 12. Bxe7 Qxe7 13. Nc3 Nxc3 14. Qxc3 Ba6 15. Rfe1 a4 16. e4 axb3 17. exd5 cxd5 18. cxd5 Rac8 19. Qb2 Bc4 20. Nd2 Qd6 21. Nxc4 Rxc4 22. dxe6 fxe6 23. Qxb3 Qxd4 24. Qe3 Nc5 25.
Bh3 e5 26. Rad1 Qxe3 27. Rxe3 e4 28. Rd2 Kh8 29. Kg2 Nd3 30. Be6 Rd4 31. Rc2 Nc5 32.
Bc4 Ra8 33. Be2 Rda4 34. Rb2 Rb8 35. f3 h6 36. fxe4 Nxe4 37. Bf3 Nc5 38. Rc3 Ne6 39.
h4 Nd4 40. Be4 b5 41. Bg6 Ra6 42. h5 Rd6 43. Rd3 Rbd8 44. Rbd2 Kg8 45. Kh3 Kf8 46. Rf2+ Ke7 47. Re3+ Kd7 48. Rf7+ Kc6 49. Rxg7 Ne6 50. Rc3+ Kd5 51. Rf7 Ng5+ 52. Kg4 Nxf7 53. Bxf7+ Ke5 54.
Re3+ Kf6 0-1

[Event "*** SCC Grand Prix: Titled Tuesday Blitz"]
[Site "Chess.com"]
[Date "2020.06.23"]
[Round "7"]
[White "dennisodessa"]
[Black "iverichighladze"]
[Result "1/2-1/2"]
[WhiteElo "2273"]
[BlackElo "2446"]
[TimeControl "180+1"]
[EndTime "11:18:26 PDT"]
[Termination "Game drawn by repetition"]

1. d4 Nf6 2. c4 e6 3. Nc3 d5 4. cxd5 exd5 5. Bg5 Be7 6. e3 O-O 7. Bd3 c6 8. Qc2 Nbd7 9. Nf3 Re8 10. h3 Nf8 11. Bf4 Bd6 12. Bxd6 Qxd6 13. O-O Be6 14. Rab1 Rac8 15. b4 a6 16. a4 g6 17. Qb2 N8d7 18. b5 axb5 19. axb5 c5 20. dxc5 Nxc5 21. Bc2 Nfd7 22. Rfd1 Nb6 23. e4 Qf4 24. exd5 Bxh3 25. Rd4 Qf6 26. Ne4 Nxe4 27. Bxe4 Bg4 28. Qb4 Rxe4 29. Rxe4 Bxf3 30. gxf3 Nxd5 31. Qd4 Qg5+ 32. Rg4 Qf5 33. Qe4 Qxe4 34. fxe4 Nc3 35. Rb2 Rc5 36.
b6 h5 37. Rf4 Rc6 38. e5 Rxb6 39. Rxb6 Ne2+ 40. Kf1 Nxf4 41. Rxb7 Ne6 42. Kg2 Kg7 43. Kg3 g5 44. Ra7 Kg6 45. Rb7 Nd4 46. Ra7 Ne6 47.
Rb7 g4 48. Kh4 Nf4 49. Rb6+ Ne6 50. Rb7 Nd4 51. Rb6+ Ne6 52. Rb7 1/2-1/2

[Event "*** SCC Grand Prix: Titled Tuesday Blitz"]
[Site "Chess.com"]
[Date "2020.06.23"]
[Round "7"]
[White "rugbyclub"]
[Black "ARTHURMOTIVATOR"]
[Result "1/2-1/2"]
[WhiteElo "2136"]
[BlackElo "2331"]
[TimeControl "180+1"]
[EndTime "11:18:26 PDT"]
[Termination "Game drawn by agreement"]

1. d4 Nf6 2. c4 c5 3. d5 g6 4. Nc3 Bg7 5. e4 d6 6. h3 O-O 7.
Bg5 h6 8. Be3 b5 9. cxb5 a6 10.
a4 Qa5 11. Qd2 axb5 12. Bxb5 Ba6 13. Bxa6 Nxa6 14. Nf3 Qb4 15. O-O Nxe4 16. Nxe4 Qxe4 17. Bxh6 Nb4 18. Rfe1 Qxd5 19. Rxe7 Qxd2 20. Bxd2 Bxb2 21. Rb1 Ba3 22. Bh6 Rfe8 23. Rbe1 Rxe7 24. Rxe7 Nc6 25. Rc7 Ne5 26. Nxe5 dxe5 27. Be3 Rxa4 28. Bxc5 Bxc5 29. Rxc5 e4 30. Re5 Kg7 31. Kh2 Kf6 32. Re8 Kg5 33. Kg3 f5 34. h4+ Kf6 35. Rf8+ Kg7 36. Re8 Kf7 37.
Rb8 Ra2 38. Rb7+ Kf6 39. Rb6+ Kg7 40. Rb7+ Kh6 41. Rb8 Kg7 42. Rb7+ Kh6 43. Rb8 Rc2 44. Rb7 Rd2 45. Rb8 Ra2 46. Rh8+ Kg7 47. Rb8 Kh6 48.
Rb7 Rc2 49. Rb6 Rd2 50. Rb8 Rc2 51. f3 Rd2 52. fxe4 fxe4 53. Re8 Rd3+ 54. Kf4 Rd2 55.
Rxe4 Rxg2 56. Ke5 Rh2 57. Kf6 1/2-1/2

[Event "*** SCC Grand Prix: Titled Tuesday Blitz"]
[Site "Chess.com"]
[Date "2020.06.23"]
[Round "7"]
[White "Fusikk"]
[Black "hansen"]
[Result "0-1"]
[WhiteElo "2549"]
[BlackElo "2972"]
[TimeControl "180+1"]
[EndTime "11:18:27 PDT"]
[Termination "hansen won by resignation"]

1. d4 Nf6 2. Nf3 g6 3. c4 Bg7 4.
Nc3 d5 5. Bg5 Ne4 6. cxd5 Nxg5 7. Nxg5 e6 8. Nf3 exd5 9. e3 c6 10. Be2 a5 11. O-O O-O 12. a3 Qd6 13. Na4 Nd7 14.
Qc2 Re8 15. Rfc1 Bf8 16. Ne1 Qf6 17. Nd3 Bd6 18. b4 axb4 19. axb4 Nf8 20. Nb6 Rxa1 21.
Rxa1 Bf5 22. Qc3 Ne6 23. Nd7 Qe7 24. N7c5 Ng5 25. Ra7 Bc8 26. Bf1 Qc7 27. h3 Qe7 28. Ra8 Kg7 29. Ra7 Bb8 30. Ra8 Qd6 31. Nf4 Qc7 32. Ncd3 Ne4 33. Qb2 Nd6 34. Ne5 Bf5 35. b5 f6 36. Nf3 Qb6 37. Ra2 Nc4 38. Qb4 Bxf4 39. exf4 Qxb5 40. Qc3 Qb1 41. Ra1 Qb2 42. Qxb2 Nxb2 43. Ra7 Re7 44. g4 Bc8 45. g5 Nc4 46. gxf6+ Kxf6 47. Ne5 Nd6 48. Bd3 Bxh3 49. Kh2 Bf5 50.
Be2 Be6 51. Kg3 Nf5+ 52. Kg2 Nxd4 53. Bd3 Bf5 54. Bf1 h5 55. Ra8 Kg7 56. Rb8 h4 57. Kh2 Ne6 58. Bh3 Nxf4 59. Bxf5 Rxe5 60. Ra8 Rxf5 0-1

[Event "*** SCC Grand Prix: Titled Tuesday Blitz"]
[Site "Chess.com"]
[Date "2020.06.23"]
[Round "7"]
[White "SergeyKarjakin"]
[Black "Sam_ChessMood"]
[Result "1-0"]
[WhiteElo "2958"]
[BlackElo "2820"]
[TimeControl "180+1"]
[EndTime "11:18:28 PDT"]
[Termination "SergeyKarjakin won by resignation"]

1. e4 c6 2. d4 d5 3. e5 Bf5 4. Nf3 e6 5. Be2 Ne7 6. c3 Ng6 7. O-O f6 8. Bd3 Bxd3 9. Qxd3 fxe5 10. Nxe5 Nxe5 11. dxe5 c5 12. f4 Nc6 13. Be3 Be7 14.
Nd2 O-O 15. Rf3 Qe8 16. Rh3 Qg6 17. Qxg6 hxg6 18. Nf3 Rad8 19. Rd1 b5 20. Ne1 a5 21. Rf3 b4 22. Rf1 g5 23. g3 gxf4 24. gxf4 a4 25. Nd3 c4 26. Nc5 a3 27. bxa3 bxc3 28. Nxe6 d4 29. Nxd4 Bc5 30. Nc2 Rxd1 31. Rxd1 Bxe3+ 32. Nxe3 Rxf4 33. e6 Re4 34. Nd5 Rxe6 35. Nxc3 Re3 36.
Rc1 Nd4 37. Kf2 Rf3+ 38. Kg2 Rd3 39. a4 Rd2+ 40. Kg3 Rd3+ 41. Kg4 Rd2 42. h4 Ne2 43. Nxe2 Rxe2 44. Rxc4 Rxa2 45. Rf4 Kh7 46. Kf5 Kh6 47. Ke6 g5 48. hxg5+ Kxg5 49. Rd4 Ra1 50. Rc4 Ra2 51. Rc5+ Kf4 52. a5 Ke4 53. Kd6 Kd4 54. Kc6 Ra1 55.
Kb6 Rb1+ 56. Rb5 Rh1 57. a6 Kc4 58. Rc5+ Kb4 59. a7 1-0

[Event "*** SCC Grand Prix: Titled Tuesday Blitz"]
[Site "Chess.com"]
[Date "2020.06.23"]
[Round "7"]
[White "KazakhFighter04"]
[Black "Gerodot71"]
[Result "1-0"]
[WhiteElo "2741"]
[BlackElo "2415"]
[TimeControl "180+1"]
[EndTime "11:18:28 PDT"]
[Termination "KazakhFighter04 won by resignation"]

1. e4 e5 2. Nf3 Nc6 3. d4 exd4 4. Nxd4 Bc5 5. Nxc6 bxc6 6. Bd3 Nf6 7. O-O O-O 8.
e5 Ne8 9. Nc3 Be7 10. Qh5 f5 11. f4 d6 12. Kh1 Be6 13. Be3 g6 14. Qf3 c5 15. exd6 cxd6 16. Rfe1 Nc7 17. Rad1 Rb8 18. b3 Bf6 19. Bd2 d5 20. Na4 Qd6 21. c4 d4 22.
Bf1 Rbe8 23. Qf2 Bd7 24. Nb2 Bc6 25. Be2 Be4 26. Bf3 Re7 27. Kg1 Rfe8 28. Bc1 Qa6 29. Na4 Qc6 30. Re2 d3 31. Rxd3 Bxf3 32. Rxe7 Rxe7 33.
Qxf3 Bd4+ 34. Kf1 Qe8 35. Bd2 Re4 36. Nc3 Bxc3 37. Bxc3 Ne6 38. g3 Nd4 39. Bxd4 cxd4 40. Qd1 Qd7 41. Qd2 Qc6 42. Rxd4 Rxd4 43. Qxd4 Qh1+ 44.
Ke2 Qxh2+ 45. Qf2 Qh5+ 46. Kd3 Qd1+ 47. Kc3 Qc1+ 48. Kb4 Qa1 49. c5 Qf6 50. Qd2 Qa6 51. Qd5+ Kg7 52. c6 Qb6+ 53. Kc4 a5 54. Qd4+ 1-0

[Event "*** SCC Grand Prix: Titled Tuesday Blitz"]
[Site "Chess.com"]
[Date "2020.06.23"]
[Round "7"]
[White "JozefKneht"]
[Black "tan275"]
[Result "0-1"]
[WhiteElo "2434"]
[BlackElo "2281"]
[TimeControl "180+1"]
[EndTime "11:18:28 PDT"]
[Termination "tan275 won on time"]

1. e4 c6 2. d4 d5 3. Nc3 dxe4 4. Nxe4 Bf5 5. Ng3 Bg6 6. h4 h6 7. Nf3 e6 8. Ne5 Bh7 9. Bd3 Bxd3 10. Qxd3 Nd7 11. f4 Be7 12. Nh5 Ngf6 13. Nxf6+ Bxf6 14. g3 c5 15. Nxd7 Qxd7 16. dxc5 Qc6 17. Rf1 Rd8 18. Qe2 O-O 19. c3 Rfe8 20. Be3 e5 21. f5 e4 22. Rd1 Qa4 23. a3 Qb3 24. Kf2 Rd3 25. Kg2 Red8 26. Rde1 Be5 27. Rf2 f6 28. Qh5 Qd5 29. Qg6 Kf8 30. Rfe2 Rd1 31. Qg4 Rxe1 32.
Rxe1 Qb3 33. Re2 Qd1 34. Bf2 e3 35. Bxe3 Rd3 36. Bf2 Rd2 37. Rxd2 Qxg4 38. c6 Kf7 39. cxb7 Qe4+ 40. Kg1 Qxb7 41. Re2 Qb3 42. Kg2 Qd1 43. Kf3 Qd5+ 44. Re4 Qb3 45. Re2 Qd5+ 46. Re4 Qb3 47.
Re2 Ke7 48. Bd4 Kd6 49. Bxe5+ fxe5 50. g4 Kd5 51. g5 hxg5 52. hxg5 Qd1 53. f6 Qd3+ 0-1

[Event "*** SCC Grand Prix: Titled Tuesday Blitz"]
[Site "Chess.com"]
[Date "2020.06.23"]
[Round "7"]
[White "vanyakuba"]
[Black "Falia-p"]
[Result "1-0"]
[WhiteElo "2430"]
[BlackElo "2238"]
[TimeControl "180+1"]
[EndTime "11:18:31 PDT"]
[Termination "vanyakuba won by resignation"]

1. d4 Nf6 2. Nf3 d5 3. c4 e6 4.
g3 dxc4 5. Bg2 a6 6. O-O Nc6 7. e3 Rb8 8. Nfd2 e5 9. Bxc6+ bxc6 10. dxe5 Ng4 11. Nxc4 Be6 12. Qe2 h5 13. Rd1 Qc8 14. h3 Bxc4 15. Qxc4 Nxe5 16. Qe4 Qe6 17. Nc3 Bd6 18.
f4 Nc4 19. Qxe6+ fxe6 20. b3 Bb4 21. Ne4 Nd6 22. Ng5 Ke7 23. Bb2 Bc5 24. Bxg7 Bxe3+ 25. Kg2 Rhg8 26. Be5 Nf5 27. Kf3 Bb6 28. h4 Rgd8 29.
Rac1 Rxd1 30. Rxd1 Rd8 31. Bf6+ Kxf6 32. Rxd8 Nd4+ 33. Ke4 Ne2 34. Rf8+ Ke7 35. Rf7+ Kd6 36. Kf3 Nd4+ 37. Kg2 Nf5 38. Rh7 Ne3+ 39. Kf3 Nf1 40. Rxh5 Nd2+ 41. Kg2 Nb1 42. Rh6 Nc3 43. Rxe6+ Kd5 44. h5 Nxa2 45. h6 Bd4 46. h7 Nc1 47. Re8 Bb2 48. Rd8+ Kc5 49. Ne6+ Kb4 50. Nd4 Bxd4 51.
Rxd4+ Kxb3 52. h8=Q Kc3 53. Rd1+ Kc2 54. Rxc1+ Kxc1 55. Kf2 Kd2 56. Qd4+ 1-0

[Event "*** SCC Grand Prix: Titled Tuesday Blitz"]
[Site "Chess.com"]
[Date "2020.06.23"]
[Round "7"]
[White "ChocolateRoses"]
[Black "LedakovAlexandr"]
[Result "0-1"]
[WhiteElo "2277"]
[BlackElo "2459"]
[TimeControl "180+1"]
[EndTime "11:18:33 PDT"]
[Termination "LedakovAlexandr won on time"]

1. Nf3 Nc6 2. d4 d6 3. g3 g6 4. b3 Bg7 5. Bb2 e5 6. dxe5 Nxe5 7. Nxe5 Bxe5 8. Bxe5 dxe5 9. Qxd8+ Kxd8 10. Nd2 c6 11. O-O-O Kc7 12. Nc4 f6 13. Bg2 Bg4 14. Rd2 Be6 15.
Nd6 Ne7 16. Ne4 Rhf8 17. Nc5 Bc8 18. Rhd1 b6 19. Na6+ Kb7 20. Nb4 a5 21. Nxc6 Nxc6 22. Rd6 Ka6 23. Bxc6 Ra7 24. c4 Rc7 25. Kb2 Bg4 26. f3 Bf5 27. a3 h5 28. b4 Ka7 29.
Kb3 g5 30. R1d5 Bh3 31. bxa5 Rb8 32. Kc3 Rbc8 33. axb6+ Kxb6 34. Rb5+ Ka7 35. Ra5+ Kb6 36. Rb5+ Ka6 37. Bd5+ Ka7 38. Ra5+ Kb8 39. Rb5+ Ka7 40. Rdb6 Rc5 41. Rb7+ Ka6 42. R5b6+ Ka5 43. Rb5+ Ka6 44. Rxc5 Rxc5 45. Rb5 Rxb5 46. cxb5+ Kxb5 47. Kb3 Kc5 48. Bc4 Bf1 49. a4 Bh3 50. a5 Bc8 51. a6 Kb6 52. Kb4 f5 53. Bd3 f4 54. gxf4 exf4 55. Kc3 g4 0-1

[Event "*** SCC Grand Prix: Titled Tuesday Blitz"]
[Site "Chess.com"]
[Date "2020.06.23"]
[Round "7"]
[White "petrkostenko"]
[Black "Ginger_GM"]
[Result "1-0"]
[WhiteElo "2537"]
[BlackElo "2657"]
[TimeControl "180+1"]
[EndTime "11:18:34 PDT"]
[Termination "petrkostenko won by resignation"]

1. e4 d6 2. Nc3 Nf6 3. f4 d5 4. e5 Ng4 5. d4 c5 6. dxc5 d4 7. Nb5 Nc6 8. Nf3 a6 9. Nbxd4 Qa5+ 10. c3 Qxc5 11. Be2 Bf5 12. h3 Nh6 13. Be3 Qa5 14.
g4 Be4 15. O-O O-O-O 16. Qb3 e6 17. Nxc6 Bxc6 18. Nd4 Bc5 19. Qc2 Bd5 20. b4 Bxd4 21. Bxd4 Qc7 22. Rac1 Ng8 23. c4 Bc6 24. Be3 h5 25. g5 Ne7 26. a4 Nf5 27. Bf2 Nd4 28. Bxd4 Rxd4 29. b5 Qb6 30. c5 Qa5 31. bxc6 bxc6 32. Bf3 Rd2 33. Qe4 Kd8 34. Qxc6 Ke7 35. Qb7+ Rd7 36. Qb6 Qd2 37. Bg2 Qe3+ 38. Kh1 Rhd8 39.
Rce1 Qg3 40. f5 Rd2 41. Qb7+ Kf8 42. Qf3 Qxf3 43. Rxf3 exf5 44. Rxf5 Ke7 45. e6 fxe6 46.
Rfe5 Kd7 47. Rxe6 Kc8 48. Rc6+ Kb8 49. Rb6+ Kc7 50. Rc6+ Kd7 51. Rxa6 Rf8 52. Ra7+ Kc8 53. Ra8+ 1-0

[Event "*** SCC Grand Prix: Titled Tuesday Blitz"]
[Site "Chess.com"]
[Date "2020.06.23"]
[Round "7"]
[White "Man-Chuk"]
[Black "ENajer77"]
[Result "1/2-1/2"]
[WhiteElo "2848"]
[BlackElo "2696"]
[TimeControl "180+1"]
[EndTime "11:18:37 PDT"]
[Termination "Game drawn by repetition"]

1. c4 e5 2. Nc3 Nc6 3. Nf3 Nf6 4.
e3 Bb4 5. Nd5 Bd6 6. d3 Nxd5 7.
cxd5 Ne7 8. e4 c6 9. dxc6 Nxc6 10. Be2 Bb4+ 11. Bd2 Bxd2+ 12. Qxd2 O-O 13. d4 exd4 14. Nxd4 Re8 15. O-O Rxe4 16. Nb5 d5 17. Bf3 Re5 18. Rad1 Be6 19. Nd4 Qf6 20. b4 Rc8 21. Nb3 b6 22.
Rc1 h6 23. Rfd1 Rg5 24. Kh1 Rf5 25. Nd4 Nxd4 26. Rxc8+ Bxc8 27. Qxd4 Rxf3 28. gxf3 Qxf3+ 29. Kg1 Bh3 30. Qxd5 Qg4+ 31. Kh1 Bg2+ 32. Qxg2 Qxd1+ 33. Qg1 Qxg1+ 34. Kxg1 g5 35. Kg2 f5 36. f4 g4 37. Kg3 Kg7 38. b5 Kf6 39. Kh4 Kg6 40. a3 Kg7 41. Kh5 Kh7 42. Kh4 Kg6 43. Kg3 Kh5 44.
Kf2 Kh4 45. Kg2 Kh5 46. Kg3 Kg6 47. Kh4 Kg7 48. Kh5 Kh7 49. Kh4 Kg6 50. Kg3 Kf7 51.
Kh4 Kf6 52. Kh5 Kg7 53. Kh4 Kf6 54. Kh5 Kg7 55. Kh4 Kg6 1/2-1/2